 Dungeon Crawl Stone Soup version 0.10-a0-2733-g5028f93 character file.

1489715 elliptic the Eclecticist (level 26, 201/201 (202) HPs)
             Began as a Mummy Conjurer on Dec 14, 2011.
             Was the Champion of Sif Muna.
             Escaped with the Orb
             ... and 3 runes!
             The game lasted 06:04:04 (82193 turns).

elliptic the Eclecticist (Mummy Conjurer)          Turns: 82193, Time: 06:04:05

HP 201/201 (202) AC 15     Str  9      XL: 26   Next: 51%
MP  33/43        EV 23     Int 27      God: Sif Muna [******]
Gold 1250        SH 23     Dex 12      Spells: 14 memorised,  0 levels left

Res.Fire  : + . .   See Invis. : .   a - staff of cold
Res.Cold  : + + +   Warding    : . . O - +2 robe {rC+ rF+}
Life Prot.: + + +   Conserve   : +   h - +0 shield {rflct} {Donald}
Res.Acid. : + . .   Res.Corr.  : +   z - +1 wizard hat {Int+3}
Res.Poison: +       Clarity    : +   u - +2 cloak {rCorr, Cons}
Res.Elec. : .       Spirit.Shd : .   s - +3 pair of gauntlets of War {Acc+5 Dam+5}
Sust.Abil.: . .     Stasis     : .   G - +2 pair of elf boots {Stlth+}
Res.Mut.  : .       Ctrl.Telep.: x   r - amulet of clarity
Res.Rott. : +       Levitation : .   N - ring of Vitality {Regen HP+15}
Saprovore : . . .   Ctrl.Flight: .   t - ring of Gluttony {rF+ EV+5 Acc+5}

@: very slightly contaminated, hasted, very quick, extremely resistant to
hostile enchantments, unstealthy
A: no food or potions, fire vulnerability, strongly in touch with death, cold
resistance 1, life protection 3, poison resistance, torment resistance,
unbreathing
a: Self-Restoration, Channel Energy, Forget Spell, Renounce Religion
}: 3/15 runes: decaying, barnacled, silver


You escaped.
You worshipped Sif Muna.
Sif Muna was exalted by your worship.
You were not hungry.

You visited 10 branches of the dungeon, and saw 72 of its levels.
You visited the Abyss 1 time.
You visited 1 Labyrinth.
You visited 4 portal chambers: ossuary, spiders nest, ice_cave, volcano.

You collected 7748 gold pieces.
You spent 6518 gold pieces at shops.

Inventory:

Hand weapons
 c - a +0 blowgun
 g - a +1,+3 demon trident of distortion {!w}
 B - the -5,-3 sabre "Utwit" {venom, rElec rF+ Dex+2}
   (You found it on level 1 of the Vaults)

   It poisons the flesh of those it strikes.
   It affects your dexterity (+2).
   It protects you from fire.
   It insulates you from electricity.
 Z - the +10,+4 spiked flail of Kletayte {pierce, rF++ rC+ Stlth++}
   (You found it on level 27 of the Dungeon)

   It inflicts extra damage upon your enemies.
   It greatly protects you from fire.
   It protects you from cold.
   It makes you much more stealthy.
Missiles
 V - 9 curare-tipped +0 needles
Armour
 h - a +0 shield of reflection (worn) {Donald}
 s - the +3 pair of gauntlets of War (worn) {Acc+5 Dam+5}
   (You found it on level 8 of the Dungeon)

   It affects your accuracy (+5).
   It affects your damage-dealing abilities (+5).
 u - a +2 cloak of preservation (worn)
 z - a +1 wizard hat of intelligence (worn)
 G - a +2 pair of elven boots of stealth (worn)
 O - a +2 robe of resistance (worn)
Magical devices
 n - a wand of draining (11)
 q - a wand of digging (3)
 F - a wand of teleportation (8)
 I - a wand of hasting (7)
 L - a wand of disintegration (3)
Scrolls
 l - 3 scrolls of fog
 p - 6 scrolls of teleportation
 x - 7 scrolls of blinking
 y - 6 scrolls of recharging
Jewellery
 e - an uncursed ring of regeneration
 j - an uncursed amulet of conservation
 m - an uncursed ring of teleportation
 o - an uncursed ring of protection from fire
 r - an amulet of clarity (around neck)
 t - the ring of Gluttony (left hand) {rF+ EV+5 Acc+5}
   (You found it on level 5 of the Shoals)

   [ring of evasion]

   It affects your evasion (+5).
   It affects your accuracy (+5).
   It protects you from fire.
 v - an uncursed ring of ice
 A - an uncursed amulet of resist corrosion
 C - the amulet of the Magpie {Ward Str+3 Int+4}
   (You found it in a Labyrinth)

   [amulet of warding]

   It affects your strength (+3).
   It affects your intelligence (+4).
 N - the ring of Vitality (right hand) {Regen HP+15}
   (You bought it in a shop on level 22 of the Dungeon)

   [ring of regeneration]

   It affects your health (+15).
   This famed ring greatly improves its wearer's health.
 P - an uncursed amulet of stasis
 Q - the ring of Robustness {AC+8}
   (You found it in an ice cave)

   [ring of protection]

   It affects your AC (+8).
 X - an uncursed ring of protection from magic
Magical staves
 a - a staff of cold (weapon)
 b - a +5 rod of venom (16/16)
   (You found it on level 7 of the Dungeon)
Orbs of Power
 d - the Orb of Zot
Miscellaneous
 k - a lantern of shadows


   Skills:
 - Level 11.2 Fighting
 - Level 12.8 Dodging
 - Level 1.5 Stealth
 - Level 12.1 Shields
 - Level 5.0 Traps & Doors
 - Level 17.0 Spellcasting
 - Level 10.1 Conjurations
 - Level 11.4 Charms
 - Level 10.0 Necromancy
 - Level 14.7 Translocations
 - Level 15.6 Ice Magic
 - Level 8.3 Air Magic
 - Level 3.4 Poison Magic
 + Level 9.4 Invocations
 - Level 9.2 Evocations


You couldn't memorise any spells.
You knew the following spells:

 Your Spells              Type           Power        Success   Level  Hunger
d - Ozocubu's Refrigerat  Ice            #########.   Excellent   6    N/A
e - Freezing Cloud        Ice/Air/Conj   ########..   Excellent   6    N/A
i - Insulation            Air/Chrm       #######...   Excellent   4    N/A
o - Ozocubu's Armour      Ice/Chrm       ########..   Excellent   3    N/A
p - Phase Shift           Tloc           ########..   Excellent   5    N/A
q - Throw Icicle          Ice/Conj       ########.    Excellent   4    N/A
r - Repel Missiles        Air/Chrm       #######...   Excellent   2    N/A
s - Swiftness             Air/Chrm       #######...   Excellent   2    N/A
v - Blink                 Tloc           N/A          Perfect     2    N/A
x - Dispel Undead         Necr           #########    Excellent   5    N/A
A - Apportation           Tloc           ########..   Perfect     1    N/A
B - Bolt of Cold          Ice/Conj       ########..   Excellent   6    N/A
H - Haste                 Chrm           #######..    Excellent   6    N/A
V - Controlled Blink      Tloc           N/A          Excellent   7    N/A

Dungeon Overview and Level Annotations

Branches:
Dungeon (27/27)            Temple (1/1) D:6             Orc (4/4) D:10
    Elf (4/5) Orc:4          Lair (8/8) D:9           Swamp (5/5) Lair:3
 Shoals (5/5) Lair:6        Slime (0/6) Lair:8        Vault (8/8) D:19
  Blade (0/1) Vault:6       Crypt (5/5) Vault:2        Tomb (0/3) Crypt:3
    Zot (5/5) D:27

Altars:
Ashenzari
Cheibriados
Elyvilon
Fedhas
Kikubaaqudgha
Makhleb
Nemelex Xobeh
Okawaru
Sif Muna
The Shining One
Trog
Vehumet
Xom
Yredelemnul
Zin
Beogh
Lugonu

Shops:
D:8: / D:13: ? D:22: *(%= D:24: ( D:27: [ Orc:1: ? Orc:3: [ Orc:4: ++(( Elf:1: =*/ Elf:2: [ Vault:1: + Vault:2: ! Vault:3: ( Vault:4: ! Vault:5: ? Vault:7: *

Portals:
Hell: D:21 D:22 D:23 D:24 D:25 D:26 D:27
Abyss: D:25 D:26
Pan: D:24 D:25

Annotations
D:15 exclusion: upstairs
Elf:3 sorcerer!
Elf:4 sorcerer!
Lair:8 exclusion: 2 oklob plants
Crypt:3 exclusion: curse skull
Crypt:5 exclusions: 4 doors and 1 more exclusion


Innate Abilities, Weirdness & Mutations

You do not eat or drink.
Your flesh is vulnerable to fire.
You are strongly in touch with the powers of death.
You can restore your body by infusing magical energy.
Your flesh is cold resistant.*
You are immune to negative energy.*
Your system is resistant to poisons.*
You are immune to unholy pain and torment.
You can survive without breathing.*


Message History

You kill the hell hound!
You see here a hell hound corpse.
Casting: Bolt of Cold
Confirm with . or Enter, or press ? or * to list all spells.
Aiming: Bolt of Cold
Press: ? - help, Shift-Dir - straight line, f - hell hound
Aim: a hell hound You feel a surge of power!
The bolt of cold hits the hell hound.
The hell hound is frozen!
You kill the hell hound!
You see here a hell hound corpse.
Evoke which item? (* to show all) (? for menu, Esc to quit)
Zapping:
q - a wand of digging (4)
Press: ? - help, Shift-Dir - straight line, f - you The rock liquefies and sinks out of sight.
This wand has 3 charges left.
A blue devil comes into view.
There is an escape hatch in the ceiling here.
Are you sure you want to win?
You have escaped!

############
#........%..
#....####### #....#
##########[...#
#...@.....4...#######
#....#####...........
#....# #....#######
#....# #....# #....#
###### #....# #....#
#....######
#.........#


You could see a blue devil.

Vanquished Creatures
  Khufu (Crypt:5)
  A greater mummy (Crypt:5)
  An ancient lich (Vault:8)
  Saint Roka (D:18)
  Boris (4 times) (Vault:3 Crypt:3 D:20 D:21)
  Mara (D:21)
  Margery (Crypt:2)
  Mennas (D:20)
  A golden dragon (D:27)
  Xtahua (Crypt:3)
  A quicksilver dragon (D:27)
  2 shadow dragons
  A sphinx (shapeshifter) (Crypt:1)
  2 storm dragons
  A kraken (Shoals:5)
  Rupert (D:14)
  5 sphinxes
  Agnes (D:16)
  Frances (D:18)
  Aizul (D:18)
  Donald (Swamp:4)
  A bone dragon (Vault:8)
  An orc warlord (D:26)
  5 ghouls
  3 frost giants
  Wiglaf (Vault:5)
  Louise (Swamp:3)
  A tentacled monstrosity (D:27)
  2 fire giants
  A draconian shifter (D:27)
  Gastronok (Lair:4)
  34 stone giants
  A draconian annihilator (D:27)
  2 curse skulls
  2 white draconians (D:27)
  2 purple draconians (D:27)
  A Green Death (Crypt:1)
  A guardian serpent zombie (D:18)
  2 mottled draconians (D:27)
  2 pale draconians (D:27)
  2 vampire knights
  2 ettins
  A titan zombie (Crypt:1)
  3 dragons
  32 yaktaur captains
  5 great orbs of eyes
  3 sirens (Shoals:5)
  A minotaur (Lab)
  A merfolk aquamancer (Shoals:5)
  Josephine (Elf:2)
  3 storm dragon skeletons
  3 merfolk javelineers (Shoals:5)
  5 ice dragons
  24 vault guards (Vault:8)
  An anaconda (shapeshifter) (Vault:4)
  10 hydras
  Nessos (Orc:1)
  A rakshasa (D:19)
  An alligator snapping turtle (Shoals:5)
  2 anaconda skeletons
  12 very ugly things
  2 dancing weapons (D:19)
  2 shadow dragon skeletons
  6 death yaks (Lair:8)
  6 stone giant zombies
  15 deep trolls
  3 merfolk impalers (Shoals:5)
  A spriggan druid (Lair:8)
  11 ogre magi
  An orc high priest (D:26)
  16 centaur warriors
  A deep elf high priest (D:20)
  A sphinx skeleton (Elf:2)
  13 stone giant skeletons
  An iron dragon skeleton (Crypt:1)
  3 frost giant skeletons
  A dire elephant zombie (Abyss)
  A fire giant skeleton (D:19)
  An iron golem (Vault:3)
  Erolcha (D:9)
  A giant orange brain (shapeshifter) (D:26)
  An emperor scorpion (shapeshifter) (D:20)
  A shadow wraith (Crypt:1)
  2 giant orange brains
  A wizard (D:19)
  63 skeletal warriors
  An alligator snapping turtle zombie (Crypt:5)
  4 iron trolls
  2 soul eaters
  7 sea snakes (Shoals:5)
  9 unseen horrors
  17 deep elf knights
  A grey draconian zombie (Abyss)
  4 hell knights (Crypt:2)
  A hill giant (shapeshifter) (Vault:8)
  A pale draconian zombie (Abyss)
  A green draconian zombie (Crypt:5)
  A white draconian zombie (Crypt:5)
  A sea snake (shapeshifter) (Vault:8)
  A black draconian zombie (Crypt:5)
  12 hill giants
  2 giant amoebae (Vault:3)
  3 ice statues
  A death yak zombie (Crypt:1)
  A guardian serpent (shapeshifter) (Vault:8)
  An alligator snapping turtle skeleton (Crypt:1)
  Pikel (D:10)
  2 vampire magi
  5 necromancers
  7 flayed ghosts
  3 purple draconian skeletons
  A sea snake zombie (Crypt:5)
  A lindwurm (Swamp:5)
  18 harpies
  A harpy zombie (Crypt:2)
  22 orc knights
  A grey draconian skeleton (Abyss)
  A white draconian skeleton (Crypt:3)
  Joseph (D:7)
  A sea snake skeleton (Crypt:1)
  A death yak skeleton (Crypt:1)
  9 large abominations
  A red draconian skeleton (Crypt:4)
  Urug (D:16)
  A hydra zombie (D:14)
  4 griffons
  A green draconian skeleton (Crypt:4)
  3 orc sorcerers
  A sixfirhy (Abyss)
  3 spiny worms
  4 red wasps
  3 iron troll skeletons
  A wolf spider zombie (Crypt:5)
  A cyclops (shapeshifter) (D:24)
  11 feature mimics
  3 moths of wrath
  Maurice (D:9)
  A shining eye (shapeshifter) (Vault:8)
  5 black mambas
  A death drake skeleton (Crypt:1)
  A griffon zombie (D:16)
  8 phantasmal warriors
  3 harpy skeletons
  4 minotaur skeletons
  A catoblepas skeleton (Elf:2)
  2 ettin zombies (Vault:2)
  An alligator zombie (Crypt:2)
  3 elephant slugs
  A wolf spider (shapeshifter) (D:18)
  9 cyclopes
  11 rock trolls
  A spiny worm zombie (D:15)
  A dragon skeleton (Vault:1)
  A wolf spider (Crypt:1)
  5 hellwings
  4 ettin skeletons
  51 slime creatures
  72 yaktaurs
  2 orange demons (Abyss)
  4 hill giant zombies
  30 elephants
  A griffon skeleton (Crypt:3)
  A trapdoor spider (D:21)
  A guardian mummy (Port)
  12 spiny frogs
  Psyche (D:9)
  4 komodo dragons
  3 smoke demons (Abyss)
  A black mamba skeleton (Crypt:5)
  A yaktaur (shapeshifter) (Vault:6)
  A spriggan skeleton (Crypt:1)
  A komodo dragon (shapeshifter) (Vault:8)
  A mermaid (shapeshifter) (Vault:6)
  2 mermaids (Shoals:5)
  85 ugly things
  Grinder (D:5)
  Sonja (Orc:1)
  2 silent spectres (Crypt:5)
  2 queen bees
  A hill giant skeleton (Vault:1)
  2 agate snail zombies
  30 two-headed ogres
  Prince Ribbit (D:6)
  22 blink frogs
  A rock troll zombie (D:17)
  9 spriggans (Lair:8)
  10 trolls
  A polar bear (Lair:8)
  2 redbacks
  3 deep troll zombies
  2 raven skeletons
  9 snapping turtles
  4 rock troll skeletons
  2 deep troll skeletons
  A giant firefly (Lair:8)
  A two-headed ogre (shapeshifter) (Vault:3)
  3 basilisks
  7 grizzly bears (Lair:8)
  A hairy devil (Vault:5)
  A human (Lair:2)
  2 sharks
  5 bumblebees (D:26)
  8 small abominations
  13 merfolk
  A chaos spawn (Crypt:1)
  A swamp dragon zombie (Crypt:3)
  41 yaks
  4 neqoxecs
  12 deep elf conjurers
  4 wraiths
  5 fire drakes
  2 merfolk (shapeshifter)
  2 rotting hulks
  7 wyverns
  4 vampires
  Grum (D:10)
  A blink frog skeleton (Crypt:2)
  2 clay golems (D:17)
  5 steam dragons
  2 elephant skeletons
  A hell beast (D:14)
  A fire crab zombie (Crypt:5)
  An item mimic (D:14)
  8 mottled dragons
  26 war dogs
  9 deep elf summoners
  5 manticores
  2 rock worms
  11 hippogriffs
  6 ynoxinuls (Abyss)
  A yaktaur zombie (D:19)
  5 hungry ghosts
  39 vampire mosquitoes
  14 deep elf fighters
  14 swamp worms
  3 soldier ants
  An orange crystal statue (D:27)
  14 necrophages
  A mermaid skeleton (Crypt:2)
  3 hell hounds (D:1)
  10 freezing wraiths
  4 slaves (D:7)
  A yaktaur skeleton (D:17)
  3 phantoms
  A bumblebee zombie (Vault:3)
  A cyclops skeleton (D:15)
  14 insubstantial wisps (Swamp:5)
  2 yellow wasps
  4 deep elf priests
  5 swamp drakes
  29 ice beasts
  A jumping spider (D:9)
  A queen bee zombie (Crypt:1)
  6 black bears (Lair:8)
  55 ogres
  56 orc warriors
  A grizzly bear zombie (Crypt:2)
  An elf (shapeshifter) (D:16)
  6 sky beasts
  8 giant goldfish
  7 boring beetles
  22 deep elf magi
  A troll skeleton (Port)
  A kobold demonologist (Vault:3)
  28 centaurs
  10 wargs
  20 wolves (Lair:8)
  8 crocodiles
  3 big kobolds
  A boulder beetle zombie (Crypt:3)
  5 giant slugs
  A giant leech (shapeshifter) (D:14)
  A boring beetle zombie (Crypt:5)
  3 giant leeches
  An octopode zombie (Crypt:3)
  6 silver statues
  A gnoll sergeant (D:11)
  2 brain worms (Abyss)
  14 giant frogs
  14 water moccasins
  A warg zombie (Vault:5)
  A basilisk skeleton (D:23)
  7 agate snails
  A giant frog skeleton (Crypt:2)
  A giant slug simulacrum (D:19)
  A two-headed ogre skeleton (Crypt:5)
  38 wights
  A cyclops simulacrum (D:17)
  A draconian skeleton (Port)
  A felid zombie (Crypt:1)
  103 killer bees
  A dwarf zombie (Crypt:5)
  19 jellyfish
  A lava fish (Swamp:5)
  2 electric eels
  3 killer bee zombies
  6 boulder beetles
  A tengu zombie (Crypt:1)
  A lava snake (Abyss)
  4 shadows
  7 crimson imps
  A boulder beetle simulacrum (D:19)
  2 goliath beetles
  4 iron imps (Abyss)
  2 ogre skeletons (Port)
  A demigod skeleton (Crypt:1)
  A dwarf skeleton (Port)
  2 spider zombies
  A tengu skeleton (Port)
  2 hound zombies
  8 hounds
  33 orc priests
  8 big fish
  An orange rat (Crypt:1)
  3 hound skeletons
  7 iguanas
  3 scorpions
  37 deep elf soldiers
  8 worker ants
  35 orc wizards
  9 porcupines
  14 sheep
  A swamp drake skeleton (Crypt:5)
  Ijyb (D:7)
  3 steam dragon skeletons
  12 boggarts
  A goliath beetle zombie (D:10)
  14 jellies
  11 mummies
  3 gnolls (D:11)
  A flying skull (Port)
  28 snakes
  20 giant centipedes
  2 giant centipede zombies
  77 green rats
  14 midges
  A shadow imp (D:8)
  An elf skeleton (Port)
  4 giant mites
  An iguana skeleton (D:6)
  9 lemures
  A snake skeleton (D:11)
  9 white imps
  A porcupine skeleton (Crypt:2)
  A porcupine zombie (Crypt:3)
  2 snake zombies
  6 worms
  37 ufetubi
  22 grey rats
  2 giant eyeballs (D:6)
  A green rat zombie (Crypt:5)
  10 giant geckos
  A green rat skeleton (Crypt:3)
  An ooze (D:2)
  239 orcs
  41 bats
  10 giant cockroaches
  19 hobgoblins
  11 jackals
  10 quokkas
  A giant cockroach zombie (Crypt:2)
  9 giant newts
  A giant newt zombie (Crypt:3)
  A giant spore (D:21)
  26 goblins
  A goblin zombie (Crypt:2)
  A hobgoblin skeleton (Crypt:2)
  2 illusory rakshasas (D:19)
  28 kobolds
  2 kobold skeletons
  3 kobold zombies
  An orc skeleton (D:5)
  5 orc zombies
  A quokka skeleton (Crypt:5)
  41 rats
  A small snake (D:5)
  A ballistomycete (D:21)
  A butterfly (D:19)
  5 fungi
  40 plants
  A tentacle (Shoals:5)
  A tentacle segment (Shoals:5)
  79 toadstools
2912 creatures vanquished.

Vanquished Creatures (collateral kills)
  Roxanne (D:17)
  A reaper (Crypt:1)
  Nergalle (D:16)
  A fire giant skeleton (Vault:3)
  2 ugly things (D:18)
  A yaktaur (D:16)
  A hill giant skeleton (D:17)
  A troll (D:16)
  A demonic crawler (Crypt:1)
  A vampire mosquito (D:19)
  A necrophage (Crypt:1)
  A phantom (Crypt:1)
  4 orc warriors
  A warg (D:18)
  A giant frog (D:9)
  A crimson imp (D:16)
  A scorpion (Crypt:1)
  A deep elf soldier (D:17)
  A naga zombie (Crypt:1)
  8 orcs
  2 goblins (Orc:2)
  A hobgoblin zombie (Crypt:1)
  2 toadstools
36 creatures vanquished.

Vanquished Creatures (others)
  A hydra (Swamp:5)
  An orc knight (Vault:3)
  A sea snake skeleton (Crypt:3)
  8 slime creatures
  A yak (Lair:6)
  A lindwurm skeleton (Abyss)
  A rock worm (D:23)
  A swamp drake (Swamp:5)
  2 orc warriors
  69 ice beasts
  A wolf (Lair:8)
  A jellyfish (Swamp:5)
  A worker ant (D:7)
  2 jellies (D:20)
  A boggart (D:17)
  A lemure (Abyss)
  A grey rat (D:8)
  An orc (D:5)
  A goblin (Orc:3)
  A hobgoblin skeleton (Vault:3)
  A rat (D:8)
  2 bushes (Lair:8)
  9 fungi
  7 plants
  3 tentacles (Shoals:5)
  17 tentacle segments (Shoals:5)
  546 toadstools
682 creatures vanquished.

Grand Total: 3630 creatures vanquished

Notes
Turn   | Place    | Note
--------------------------------------------------------------
     0 | D:1      | elliptic, the Mummy Conjurer, began the quest for the Orb.
     0 | D:1      | Reached XP level 1. HP: 13/13 MP: 3/3
    99 | D:1      | sure
   673 | D:1      | Reached XP level 2. HP: 19/19 MP: 1/4
  1058 | D:1      | Reached skill level 4 in Conjurations
  1906 | D:2      | Reached XP level 3. HP: 16/24 MP: 0/5
  1912 | D:2      | Learned a level 3 spell: Mephitic Cloud
  2914 | D:3      | Learned a level 2 spell: Throw Frost
  3339 | D:3      | Found an iron altar of Okawaru.
  3360 | D:3      | Reached XP level 4. HP: 30/30 MP: 4/8
  3674 | D:4      | Found a sand-covered staircase. 3679
                  | ossuary
                  | Entered a tomb 3759
                  | ossuary
                  | Reached skill level 5 in Conjurations
  4127 | D:4      | Reached skill level 6 in Conjurations
  4127 | D:4      | Reached XP level 5. HP: 35/35 MP: 4/9
  4336 | D:4      | Found a shattered altar of Ashenzari.
  4810 | D:4      | Found a blossoming altar of Fedhas.
  4863 | D:4      | Reached XP level 6. HP: 23/41 MP: 3/12
  5090 | D:4      | Found a glowing golden altar of the Shining One.
  5355 | D:5      | Entered Level 5 of the Dungeon
  5397 | D:5      | Noticed Grinder
  5534 | D:5      | Found a sparkling altar of Nemelex Xobeh.
  6296 | D:6      | Found a staircase to the Ecumenical Temple.
  6309 | Temple   | Entered the Ecumenical Temple
  6389 | D:6      | Noticed Prince Ribbit
  6507 | D:6      | Reached XP level 7. HP: 46/46 MP: 10/14
  6557 | D:6      | Reached skill level 7 in Conjurations
  6969 | D:7      | Noticed Ijyb
  6984 | D:7      | Defeated Ijyb
  7067 | D:7      | Noticed Pikel
  7713 | D:7      | Reached skill level 1 in Air Magic
  7713 | D:7      | Reached skill level 1 in Poison Magic
  8204 | D:7      | :)
  8274 | D:7      | Noticed Joseph
  8854 | D:6      | Reached skill level 1 in Evocations
  9053 | D:5      | Defeated Grinder
  9053 | D:5      | Reached XP level 8. HP: 52/52 MP: 8/16
  9547 | D:6      | Defeated Prince Ribbit
  9795 | D:7      | Defeated Joseph
 10057 | D:7      | Reached XP level 9. HP: 47/57 MP: 18/18
 10743 | D:8      | Found a white marble altar of Elyvilon.
 10915 | D:8      | Found Pacaj's Magical Wand Emporium.
 10925 | D:8      | Got a pair of thick gauntlets
 10928 | D:8      | Identified the +3 pair of gauntlets of War (You found it on level 8 of the Dungeon)
 10931 | D:8      | Bought a wand of cold (13) for 340 gold pieces
 11024 | D:8      | hm
 11159 | D:8      | Reached skill level 8 in Evocations
 11939 | D:9      | hmm
 11943 | D:9      | Found a deep blue altar of Sif Muna.
 12039 | D:9      | Noticed Psyche
 12047 | D:9      | Defeated Psyche
 12047 | D:9      | Reached skill level 9 in Evocations
 12180 | D:9      | Became a worshipper of Sif Muna the Loreminder
 12336 | D:9      | Noticed Erolcha
 12348 | D:9      | Defeated Erolcha
 12348 | D:9      | Acquired Sif Muna's first power
 12348 | D:9      | Reached XP level 10. HP: 63/63 MP: 19/19
 12488 | D:9      | Noticed Maurice
 12492 | D:9      | Reached skill level 1 in Ice Magic
 12494 | D:9      | Defeated Maurice
 12548 | D:9      | Found a staircase to the Lair.
 12591 | D:9      | Found a basalt altar of Yredelemnul.
 12840 | D:9      | Noticed a rock worm
 12846 | D:9      | Acquired Sif Muna's second power
 12858 | D:9      | a rock worm (ally) was defeated
 13106 | D:9      | Found a snail-covered altar of Cheibriados.
 13106 | D:9      | Noticed an iron golem
 13112 | D:9      | hi
 13168 | Lair:1   | Entered Level 1 of the Lair of Beasts
 13299 | Lair:1   | Reached skill level 5 in Ice Magic
 14322 | Lair:2   | HP: 6/63 [spiny frog (21)]
 14455 | Lair:2   | Reached XP level 11. HP: 64/68 MP: 17/20
 14465 | Lair:2   | Acquired Sif Muna's third power
 14966 | Lair:2   | Found a crumbling entrance.
 14975 | Spider   | Entered a spider's nest
 14996 | Spider   | Reached skill level 5 in Spellcasting
 15732 | Lair:3   | Found a staircase to the Swamp.
 16104 | Lair:3   | Received a gift from Sif Muna
 16105 | Lair:3   | Got a levitating book {god gift}
 16106 | Lair:3   | Identified Sif Muna's Collected Works on Cold {god gift} (Sif Muna gifted it to you on level 3 of the Lair of Beasts)
 16111 | Lair:3   | Learned a level 4 spell: Throw Icicle
 16130 | Lair:3   | Learned a level 1 spell: Freeze
 16717 | Lair:4   | Reached XP level 12. HP: 74/74 MP: 15/24
 16733 | Lair:4   | Learned a level 6 spell: Bolt of Cold
 16827 | Lair:4   | Reached skill level 10 in Conjurations
 16832 | Lair:4   | Reached skill level 10 in Ice Magic
 17165 | Lair:4   | Received a gift from Sif Muna
 17166 | Lair:4   | Got an inconspicuous book {god gift}
 17167 | Lair:4   | Identified Sif Muna's Compendium of Floating Confrontation {god gift} (Sif Muna gifted it to you on level 4 of the Lair of Beasts)
 17331 | Lair:4   | Reached skill level 11 in Ice Magic
 17675 | Lair:4   | Noticed Gastronok
 17747 | Lair:4   | Defeated Gastronok
 18001 | Lair:5   | Reached skill level 12 in Ice Magic
 18451 | Lair:5   | Received a gift from Sif Muna
 18452 | Lair:5   | Got a conspicuous book {god gift}
 18453 | Lair:5   | Identified Sif Muna's Compendium of Excruciating Feathers {god gift} (Sif Muna gifted it to you on level 5 of the Lair of Beasts)
 18456 | Lair:5   | Learned a level 2 spell: Repel Missiles
 19150 | Lair:6   | Found a frozen archway.
 19189 | IceCv    | Entered an ice cave
 19812 | IceCv    | Reached skill level 13 in Ice Magic
 19910 | IceCv    | Reached XP level 13. HP: 73/79 MP: 27/27
 19966 | IceCv    | Got a steel ring
 20091 | Lair:6   | Noticed a redback
 20097 | Lair:6   | Defeated a redback
 20097 | Lair:6   | Received a gift from Sif Muna
 20098 | Lair:6   | Got a black book {god gift}
 20099 | Lair:6   | Identified Hoklem's Volume of Battle Magic and Ice {god gift} (Sif Muna gifted it to you on level 6 of the Lair of Beasts)
 20106 | Lair:6   | Learned a level 6 spell: Ozocubu's Refrigeration
 20279 | Lair:6   | Found a staircase to the Shoals.
 20746 | Lair:7   | Reached skill level 14 in Ice Magic
 21054 | Lair:7   | Found a dark tunnel.
 21070 | Volcano  | Entered a volcano
 22071 | Lair:7   | Received a gift from Sif Muna
 22075 | Lair:7   | Got a levitating book {god gift}
 22076 | Lair:7   | Identified Sif Muna's Reference Book on Confrontation {god gift} (Sif Muna gifted it to you on level 7 of the Lair of Beasts)
 22440 | Lair:7   | Reached skill level 15 in Ice Magic
 22646 | Lair:8   | Entered Level 8 of the Lair of Beasts
 22984 | Lair:8   | Got a smoking ring mail
 23001 | Lair:8   | Identified the cursed -2 ring mail of Qioloe (You found it on level 8 of the Lair of Beasts)
 23096 | Lair:8   | Received a gift from Sif Muna
 23107 | Lair:8   | Got a graven book {god gift}
 23108 | Lair:8   | Identified Sif Muna's Almanac of Boosting Snow {god gift} (Sif Muna gifted it to you on level 8 of the Lair of Beasts)
 23119 | Lair:8   | Learned a level 3 spell: Ozocubu's Armour
 23267 | Lair:8   | Reached XP level 14. HP: 67/85 MP: 29/29
 23643 | Lair:8   | Learned a level 4 spell: Summon Ice Beast
 23688 | Lair:8   | Reached skill level 10 in Spellcasting
 23778 | Lair:8   | Reached skill level 1 in Shields
 23792 | Lair:8   | Found a staircase to the Slime Pits.
 24224 | Lair:8   | Received a gift from Sif Muna
 24225 | Lair:8   | Got an engraved book {god gift}
 24226 | Lair:8   | Identified Sif Muna's Incunabulum of Noxious Attacks {god gift} (Sif Muna gifted it to you on level 8 of the Lair of Beasts)
 24440 | Lair:8   | Reached skill level 1 in Charms
 24457 | Lair:8   | Learned a level 4 spell: Control Teleport
 25074 | D:10     | Entered Level 10 of the Dungeon
 25126 | D:10     | Found a labyrinth entrance.
 25139 | Lab      | Entered a Labyrinth
 25385 | Lab      | Got a wavering bronze amulet
 25386 | Lab      | Got a warped hammer
 25390 | Lab      | Identified the hammer of the Egg {slay orc, rN+ Int+3} (You found it in a Labyrinth)
 25396 | Lab      | Learned a level 2 spell: Blink
 25403 | Lab      | Learned a level 1 spell: Apportation
 25534 | D:10     | Defeated Pikel
 25534 | D:10     | Reached skill level 1 in Translocations
 25600 | D:10     | Found a staircase to the Orcish Mines.
 25608 | D:10     | Noticed Grum
 25633 | D:10     | Defeated Grum
 26185 | Orc:1    | Entered Level 1 of the Orcish Mines
 26188 | Orc:1    | Noticed Nessos
 26422 | Orc:1    | Defeated Nessos
 26551 | Orc:1    | Noticed Sonja
 26552 | Orc:1    | Defeated Sonja
 26675 | Orc:1    | Found Wechiab's Magic Scroll Emporium.
 26683 | Orc:1    | Bought a scroll of identify for 34 gold pieces
 26684 | Orc:1    | Identified the amulet of the Magpie (You found it in a Labyrinth)
 26846 | Orc:1    | Found a radiant altar of Vehumet.
 27710 | Orc:2    | You fall through a shaft!
 27720 | Orc:3    | Noticed an iron troll
 27721 | Orc:3    | hm
 27738 | Orc:3    | Found Kyciot's Antique Armour Emporium.
 27754 | Orc:3    | Reached skill level 5 in Charms
 27878 | Orc:2    | Received a gift from Sif Muna
 27879 | Orc:2    | Got an engraved book {god gift}
 27880 | Orc:2    | Identified Sif Muna's Reference Book on Buffs and Earth {god gift} (Sif Muna gifted it to you on level 2 of the Orcish Mines)
 27953 | Orc:3    | Bought a runed helmet for 50 gold pieces
 28062 | Orc:3    | Defeated an iron troll
 28202 | Orc:4    | Entered Level 4 of the Orcish Mines
 28325 | Orc:4    | Noticed a two-headed ogre
 28325 | Orc:4    | Noticed a two-headed ogre
 28326 | Orc:4    | Noticed an ogre mage
 28326 | Orc:4    | Noticed an ogre mage
 28328 | Orc:4    | Defeated an ogre mage
 28328 | Orc:4    | Defeated an ogre mage
 28329 | Orc:4    | Noticed a two-headed ogre
 28329 | Orc:4    | Defeated a two-headed ogre
 28351 | Orc:4    | Defeated a two-headed ogre
 28527 | Orc:4    | Noticed a two-headed ogre
 28530 | Orc:4    | Defeated a two-headed ogre
 28539 | Orc:4    | Noticed a two-headed ogre
 28544 | Orc:4    | Defeated a two-headed ogre
 28556 | Orc:4    | Noticed a two-headed ogre
 28556 | Orc:4    | Defeated a two-headed ogre
 28559 | Orc:4    | Noticed an ogre mage
 28561 | Orc:4    | Noticed a two-headed ogre
 28562 | Orc:4    | Defeated an ogre mage
 28562 | Orc:4    | Reached XP level 15. HP: 90/90 MP: 14/33
 28566 | Orc:4    | Defeated a two-headed ogre
 28595 | Orc:4    | Noticed a two-headed ogre
 28596 | Orc:4    | Noticed a two-headed ogre
 28597 | Orc:4    | Defeated a two-headed ogre
 28599 | Orc:4    | Defeated a two-headed ogre
 28612 | Orc:4    | Noticed a two-headed ogre
 28613 | Orc:4    | Defeated a two-headed ogre
 28614 | Orc:4    | Noticed a two-headed ogre
 28618 | Orc:4    | Defeated a two-headed ogre
 28623 | Orc:4    | Found Shaysm's Weapon Boutique.
 28623 | Orc:4    | Found Klaaggesm's Weapon Emporium.
 28624 | Orc:4    | Found Qiydgh's Book Shoppe.
 28625 | Orc:4    | Found Epruiton's Book Boutique.
 28639 | Orc:4    | Noticed a two-headed ogre
 28642 | Orc:4    | Defeated a two-headed ogre
 28690 | Orc:4    | Noticed an ogre mage
 28693 | Orc:4    | Defeated an ogre mage
 28782 | Orc:4    | Found a staircase to the Elven Halls.
 28936 | Orc:3    | Noticed an iron troll
 28965 | Orc:3    | Defeated an iron troll
 29309 | Orc:4    | Noticed a two-headed ogre
 29316 | Orc:4    | Defeated a two-headed ogre
 29347 | Orc:4    | Defeated a two-headed ogre
 29909 | Orc:4    | Noticed a rock troll
 29920 | Orc:4    | Defeated a rock troll
 30712 | D:12     | Found a shattered altar of Ashenzari.
 31054 | D:12     | Learned a level 6 spell: Haste
 31261 | D:13     | Found Gasa's Magic Scroll Shop.
 31533 | D:13     | Received a gift from Sif Muna
 31541 | D:13     | Got an inconspicuous book {god gift}
 31542 | D:13     | Identified Sif Muna's Volume of Igneous Conjuration {god gift} (Sif Muna gifted it to you on level 13 of the Dungeon)
 31589 | D:13     | Bought a scroll of identify for 30 gold pieces
 31589 | D:13     | Bought a scroll of identify for 30 gold pieces
 31589 | D:13     | Bought a scroll of identify for 30 gold pieces
 32890 | D:14     | Reached skill level 10 in Charms
 33414 | D:14     | Noticed Rupert
 34011 | D:15     | Entered Level 15 of the Dungeon
 34194 | D:15     | Received a gift from Sif Muna
 34198 | D:15     | Got a droning book {god gift}
 34199 | D:15     | Identified Sif Muna's Disquisition on Glacial Confrontation {god gift} (Sif Muna gifted it to you on level 15 of the Dungeon)
 35071 | D:16     | Noticed Agnes
 35135 | D:16     | Defeated Agnes
 35227 | D:16     | Reached XP level 16. HP: 96/96 MP: 7/34
 35264 | D:16     | Noticed Nergalle
 35275 | D:16     | Defeated Nergalle
 35392 | D:16     | Noticed Urug
 35403 | D:16     | Defeated Urug
 35403 | D:16     | Reached skill level 5 in Dodging
 36337 | D:17     | Noticed a deep elf mage
 36339 | D:17     | Defeated a deep elf mage
 36353 | D:17     | Noticed a deep elf summoner
 36355 | D:17     | Defeated a deep elf summoner
 36836 | D:17     | Noticed Roxanne
 36858 | D:17     | Reached skill level 5 in Shields
 36896 | D:17     | Reached skill level 1 in Invocations
 37492 | D:17     | Defeated Roxanne
 37613 | D:18     | Reached skill level 1 in Fighting
 37784 | D:18     | Noticed Aizul
 37902 | D:18     | Defeated Aizul
 38024 | D:18     | Noticed Frances
 38044 | D:18     | Defeated Frances
 38067 | D:18     | Reached skill level 5 in Fighting
 38498 | D:18     | Noticed Saint Roka
 38651 | D:18     | Defeated Saint Roka
 39536 | D:19     | Noticed an orcish morningstar
 39569 | D:19     | Defeated an orcish morningstar
 39574 | D:19     | Found a staircase to the Vaults.
 39575 | D:19     | Noticed an elven long sword
 39579 | D:19     | Defeated an elven long sword
 39579 | D:19     | Reached XP level 17. HP: 113/113 MP: 32/36
 40622 | Elf:1    | Entered Level 1 of the Elven Halls
 40778 | Elf:1    | Found Axtoh's Magical Wand Boutique.
 41123 | Elf:1    | Noticed an orc priest
 41126 | Elf:1    | Defeated an orc priest
 41568 | Elf:1    | Found Caxta's Assorted Antiques.
 41611 | Elf:1    | Found Gruseta's Jewellery Shoppe.
 42037 | Elf:2    | Found a radiant altar of Vehumet.
 42947 | Elf:2    | Noticed Josephine
 42949 | Elf:2    | Defeated Josephine
 42949 | Elf:2    | Received a gift from Sif Muna
 43169 | Elf:2    | Got a black book {god gift}
 43170 | Elf:2    | Identified Vyomm's Papyrus of Torrid Arcane Weapons {god gift} (Sif Muna gifted it to you on level 2 of the Elven Halls)
 43413 | Elf:2    | Found Petach's Armour Shoppe.
 43667 | Elf:3    | Found a deep blue altar of Sif Muna.
 44047 | Elf:1    | Identified the ring of Robustness (You found it in an ice cave)
 44199 | Lair:2   | Learned a level 6 spell: Freezing Cloud
 44494 | Vault:1  | Entered Level 1 of the Vaults
 44634 | Vault:1  | Found Ynwapora's Book Shop.
 44903 | Vault:1  | Got a polished sabre
 44904 | Vault:1  | Identified the cursed sabre "Utwit" {venom, rElec rF+ Dex+2} (You found it on level 1 of the Vaults)
 45708 | Vault:2  | Found Gheapt's Distillery.
 45775 | Vault:2  | Received a gift from Sif Muna
 45780 | Vault:2  | Got an antique book {god gift}
 45781 | Vault:2  | Identified Sif Muna's Reference Book on the Traveller {god gift} (Sif Muna gifted it to you on level 2 of the Vaults)
 45872 | Vault:2  | Found a staircase to the Crypt.
 45886 | Vault:2  | Reached skill level 15 in Spellcasting
 45886 | Vault:2  | Reached XP level 18. HP: 109/120 MP: 31/37
 46026 | Vault:1  | Bought a book of Burglary for 1125 gold pieces
 46030 | Vault:1  | Learned a level 2 spell: Swiftness
 46102 | Vault:2  | Reached skill level 1 in Traps & Doors
 46570 | Vault:3  | Found Qeesk's Weapon Shoppe.
 47521 | Vault:3  | Reached skill level 5 in Traps & Doors
 47538 | Vault:3  | Reached skill level 5 in Air Magic
 48118 | Vault:3  | Noticed Boris
 48152 | Vault:3  | Defeated Boris
 48491 | Vault:3  | Reached skill level 16 in Spellcasting
 48802 | Vault:4  | Received a gift from Sif Muna
 48803 | Vault:4  | Got a graven book {god gift}
 48804 | Vault:4  | Identified Sif Muna's Guide on Self-Knowledge and Companions {god gift} (Sif Muna gifted it to you on level 4 of the Vaults)
 49068 | Vault:4  | Reached XP level 19. HP: 126/126 MP: 24/39
 49564 | Orc:4    | Bought a book of Death for 1120 gold pieces
 49574 | Orc:4    | Learned a level 5 spell: Dispel Undead
 49922 | D:16     | Reached skill level 1 in Necromancy
 50553 | Vault:4  | Found Stiopp's Distillery.
 50776 | Vault:4  | Reached skill level 5 in Necromancy
 50942 | Vault:5  | Found Huubbuf's Magic Scroll Boutique.
 51586 | Vault:5  | Received a gift from Sif Muna
 51587 | Vault:5  | Got a levitating book {god gift}
 51588 | Vault:5  | Identified Mnuqosye's Reference Book on Sinister Combat Magic {god gift} (Sif Muna gifted it to you on level 5 of the Vaults)
 51749 | Vault:5  | Noticed Wiglaf
 51777 | Vault:5  | Defeated Wiglaf
 52352 | Crypt:1  | Entered Level 1 of the Crypt
 52594 | Crypt:1  | Noticed a reaper
 52594 | Crypt:1  | Noticed a small abomination
 52594 | Crypt:1  | Noticed a large abomination
 52595 | Crypt:1  | Reached skill level 10 in Necromancy
 52596 | Crypt:1  | Defeated a small abomination
 52600 | Crypt:1  | what
 52610 | Crypt:1  | Defeated a large abomination
 52617 | Crypt:1  | Defeated a reaper
 52782 | Crypt:1  | Reached XP level 20. HP: 133/133 MP: 20/40
 53328 | Crypt:2  | Noticed Margery
 53333 | Crypt:2  | Defeated Margery
 54502 | Crypt:3  | Found a staircase to the Tomb.
 54618 | Crypt:3  | Reached skill level 5 in Invocations
 54784 | Crypt:3  | Noticed Xtahua
 55447 | Crypt:3  | Noticed Boris
 55450 | Crypt:3  | Defeated Boris
 55504 | Crypt:3  | Defeated Xtahua
 56407 | Crypt:4  | Received a gift from Sif Muna
 56430 | Crypt:4  | Got an engraved book {god gift}
 56431 | Crypt:4  | Identified Sif Muna's Catalogue of Sinister Arcane Weapons {god gift} (Sif Muna gifted it to you on level 4 of the Crypt)
 56688 | Crypt:5  | Entered Level 5 of the Crypt
 56945 | Crypt:5  | Reached XP level 21. HP: 136/136 MP: 26/40
 57570 | Crypt:5  | Noticed Khufu
 57608 | Crypt:5  | Reached skill level 10 in Dodging
 57638 | Crypt:5  | Defeated Khufu
 58122 | Crypt:5  | Noticed an ancient lich
 58124 | Crypt:5  | Noticed an ancient lich
 58128 | Crypt:5  | Got a vibrating brass amulet
 58141 | Crypt:4  | oops
 58143 | Crypt:4  | Identified the amulet of the Republic (You found it on level 5 of the Crypt)
 58661 | Lair:1   | Paralysed by you for 6 turns
 59327 | Temple   | Reached XP level 22. HP: 145/145 MP: 41/41
 62973 | Vault:6  | Got a crystal short sword
 62974 | Vault:6  | Identified the short sword of Honour {venom, Dex-1} (You found it on level 6 of the Vaults)
 63046 | Vault:6  | Found a staircase to the Hall of Blades.
 63686 | Vault:7  | Found Gristruw's General Store.
 63694 | Vault:7  | Bought a scroll of acquirement for 1040 gold pieces
 64254 | Vault:7  | Reached skill level 5 in Translocations
 64668 | D:20     | Entered Level 20 of the Dungeon
 64673 | D:20     | Noticed Mennas
 64786 | D:20     | Noticed a deep elf conjurer
 64789 | D:20     | Defeated Mennas
 64789 | D:20     | Received a gift from Sif Muna
 64789 | D:20     | Reached XP level 23. HP: 131/151 MP: 8/42
 64790 | D:20     | Got an antique book {god gift}
 64791 | D:20     | Noticed a deep elf conjurer
 64807 | D:19     | Identified Sif Muna's Almanac of Sinister Magic {god gift} (Sif Muna gifted it to you on level 20 of the Dungeon)
 64850 | D:20     | Defeated a deep elf conjurer
 64857 | D:20     | Defeated a deep elf conjurer
 65010 | D:20     | Noticed a deep elf high priest
 65012 | D:20     | Defeated a deep elf high priest
 65875 | D:20     | Noticed Boris
 65921 | D:20     | Defeated Boris
 66229 | D:21     | Found a gateway to Hell.
 66266 | D:21     | Noticed Boris
 66270 | D:21     | Defeated Boris
 66490 | D:21     | Noticed Mara
 66510 | D:21     | Defeated Mara
 67007 | D:22     | Found Hecoxeaff's Antique Weapon Shop.
 67036 | D:22     | Learned a level 3 spell: Flight
 67057 | D:22     | Received a gift from Sif Muna
 67058 | D:22     | Got a conspicuous book {god gift}
 67059 | D:22     | Identified Sif Muna's Catalogue of Feathery Attacks {god gift} (Sif Muna gifted it to you on level 22 of the Dungeon)
 67292 | D:22     | Found Eguojuu's Food Boutique.
 67437 | D:22     | Found an ancient bone altar of Kikubaaqudgha.
 67451 | D:22     | Found Diequgg's Jewellery Shoppe.
 67455 | D:22     | Bought the ring of Vitality {Regen HP+15} for 592 gold pieces
 67543 | D:22     | Found Dalya's Assorted Antiques.
 67546 | D:22     | Bought a scroll labeled MANWOONNEBEU for 34 gold pieces
 67549 | D:22     | Bought a runed wizard hat for 85 gold pieces
 67687 | D:23     | Reached skill level 17 in Spellcasting
 67855 | D:23     | Got a pitted falchion
 67856 | D:23     | Identified the falchion of Mnierchetz {drain, MR} (You found it on level 23 of the Dungeon)
 68188 | D:23     | Reached skill level 10 in Translocations
 68747 | D:24     | Found a shimmering altar of Xom.
 68838 | D:24     | Found Elezeh's Weapon Emporium.
 68863 | D:24     | Received a gift from Sif Muna
 68886 | D:24     | Got an engraved book {god gift}
 68887 | D:24     | Identified Sif Muna's Almanac of Calling {god gift} (Sif Muna gifted it to you on level 24 of the Dungeon)
 69034 | D:24     | Reached XP level 24. HP: 158/158 MP: 20/43
 69162 | D:24     | Found a one-way gate leading to the halls of Pandemonium.
 69259 | D:25     | Entered Level 25 of the Dungeon
 69623 | D:25     | Found a one-way gate to the infinite horrors of the Abyss.
 70131 | D:26     | Received a gift from Sif Muna
 70132 | D:26     | Got a blackened book {god gift}
 70133 | D:26     | Identified Sif Muna's Advanced Spellweaving {god gift} (Sif Muna gifted it to you on level 26 of the Dungeon)
 70937 | Orc:4    | Bought The Intricacies of Witchery for 1332 gold pieces
 70946 | Orc:4    | Learned a level 7 spell: Controlled Blink
 71187 | D:14     | Defeated Rupert
 71583 | D:26     | Noticed an orc warlord
 71594 | D:26     | Defeated an orc warlord
 71684 | D:26     | Found a roughly hewn altar of Beogh.
 72459 | D:27     | Entered Level 27 of the Dungeon
 72704 | D:27     | Got an encrusted spiked flail
 72705 | D:27     | Identified the spiked flail of Kletayte {pierce, rF++ rC+ Stlth++} (You found it on level 27 of the Dungeon)
 72975 | D:27     | Noticed a quicksilver dragon
 72980 | D:27     | Defeated a quicksilver dragon
 73096 | D:27     | Noticed a golden dragon
 73100 | D:27     | Reached XP level 25. HP: 158/163 MP: 25/43
 73105 | D:27     | Defeated a golden dragon
 73105 | D:27     | Received a gift from Sif Muna
 73124 | D:27     | Got a yellowed book {god gift}
 73125 | D:27     | Identified Sif Muna's Handbook of Hurtful Stones {god gift} (Sif Muna gifted it to you on level 27 of the Dungeon)
 73829 | D:27     | Found Carchyum's Antique Armour Shop.
 73837 | D:27     | Bought a pair of embroidered dwarven boots for 86 gold pieces
 74766 | Swamp:1  | Entered Level 1 of the Swamp
 74877 | Swamp:3  | Noticed Louise
 74883 | Swamp:3  | Defeated Louise
 75044 | Swamp:4  | Noticed Donald
 75058 | Swamp:4  | Defeated Donald
 75117 | Swamp:5  | Entered Level 5 of the Swamp
 75453 | Swamp:5  | Got a decaying rune of Zot
 75802 | Shoals:1 | Entered Level 1 of the Shoals
 75888 | Shoals:1 | Got a fine falchion
 75889 | Shoals:1 | Identified the cursed falchion "Oprib" {flame, Dex+2} (You found it on level 1 of the Shoals)
 76102 | Shoals:5 | Entered Level 5 of the Shoals
 76169 | Shoals:5 | Reached skill level 10 in Shields
 76359 | Shoals:5 | Got a wavering iron ring
 76360 | Shoals:5 | Identified the ring of Gluttony (You found it on level 5 of the Shoals)
 76452 | Shoals:5 | Got a barnacled rune of Zot
 77156 | Vault:8  | Entered Level 8 of the Vaults
 77161 | Vault:8  | Reached XP level 26. HP: 157/175 MP: 19/44
 77221 | Vault:7  | Learned a level 5 spell: Phase Shift
 77285 | Vault:8  | Noticed a shining eye
 77285 | Vault:8  | a death drake changed into a shining eye
 77287 | Vault:8  | Defeated a shining eye
 77371 | Vault:8  | Noticed a bone dragon
 77378 | Vault:8  | Defeated a bone dragon
 77393 | Vault:8  | Noticed an ancient lich
 77396 | Vault:8  | Defeated an ancient lich
 77396 | Vault:8  | Reached skill level 10 in Fighting
 77407 | Vault:8  | Noticed a guardian serpent
 77409 | Vault:8  | Defeated a guardian serpent
 77424 | Vault:8  | Got a bloodstained pearl dragon armour
 77425 | Vault:8  | Identified the +8 pearl dragon armour of Baldness (You found it on level 8 of the Vaults)
 77433 | Vault:8  | Got a silver rune of Zot
 77436 | Vault:8  | Got an inconspicuous book
 77437 | Vault:8  | Identified Koifiuxu's Handbook of Shifting Stones (You found it on level 8 of the Vaults)
 77549 | Vault:5  | Bought a scroll of teleportation for 45 gold pieces
 77549 | Vault:5  | Bought a scroll of magic mapping for 52 gold pieces
 78204 | D:13     | Bought a scroll of teleportation for 45 gold pieces
 78204 | D:13     | Bought a scroll of recharging for 82 gold pieces
 78456 | D:22     | Bought a cursed ring of teleportation for 264 gold pieces
 78877 | Orc:1    | Bought a scroll of teleportation for 51 gold pieces
 78877 | Orc:1    | Bought a scroll of teleportation for 51 gold pieces
 79041 | Lair:2   | Learned a level 4 spell: Insulation
 79574 | Zot:1    | Entered Level 1 of the Realm of Zot
 79731 | Zot:4    | Paralysed by a Zot trap for 2 turns
 79825 | Zot:5    | Entered Level 5 of the Realm of Zot
 79926 | Zot:5    | Noticed an ancient lich
 79927 | Zot:5    | Noticed an ancient lich
 79927 | Zot:5    | Noticed an electric golem
 79927 | Zot:5    | Noticed an orb of fire
 79927 | Zot:5    | Noticed an electric golem
 79932 | Zot:5    | what
 79950 | Zot:5    | Got the Orb of Zot
 79951 | Zot:5    | what
 79953 | Zot:5    | ugh
 79954 | Zot:5    | Cast into the Abyss (distortion unwield)
 79954 | Abyss    | Entered The Abyss
 80227 | Abyss    | Noticed an ancient lich
 80229 | Abyss    | sigh
 80340 | Abyss    | Found a roughly hewn altar of Beogh.
 80488 | Abyss    | Noticed a tormentor
 80720 | Abyss    | Noticed a white ugly thing
 80721 | Abyss    | Noticed a white ugly thing
 80726 | Abyss    | Defeated a white ugly thing
 80853 | Abyss    | Noticed a sky beast
 80855 | Abyss    | Defeated a sky beast
 80986 | Abyss    | Noticed an ice beast
 81461 | Zot:5    | You pass through the gate.
 82193 | D:$      | Escaped with the Orb! Spells cast
                  | 1- 3
                  | 4- 6
                  | 7- 9
                  | 10-12
                  | 13-15
                  | 16-18
                  | 19-21
                  | 22-24
                  | 25-27 || total -------------------------+-------+-------+-------+-------+-------+-------+-------+-------+-------++------- Magic Dart
                  | 103
                  | 138
                  | 296
                  | 132
                  | 3
                  | |
                  | | || 672 Mephitic Cloud
                  | | 7
                  | 13
                  | 13
                  | 1
                  | |
                  | | || 34 Throw Frost
                  | |
                  | 4
                  | 221
                  | |
                  | |
                  | || 225 Throw Icicle
                  | |
                  | | 229
                  | 822
                  | 339
                  | 92
                  | 72
                  | 152 || 1706 Freeze
                  | |
                  | | 7
                  | |
                  | |
                  | || 7 Repel Missiles
                  | |
                  | | 12
                  | 50
                  | 56
                  | 44
                  | 64
                  | 53 || 279 Ozocubu's Refrigeration
                  | |
                  | |
                  | 47
                  | 279
                  | 57
                  | 163
                  | 110 || 656 Ozocubu's Armour
                  | |
                  | |
                  | 47
                  | 61
                  | 55
                  | 67
                  | 69 || 299 Bolt of Cold
                  | |
                  | |
                  | 55
                  | 96
                  | 55
                  | 279
                  | 175 || 660 Summon Ice Beast
                  | |
                  | |
                  | 41
                  | 99
                  | 20
                  | 11
                  | || 171 Haste
                  | |
                  | |
                  | 3
                  | 8
                  | 12
                  | 7
                  | 8 || 38 Control Teleport
                  | |
                  | |
                  | 1
                  | 3
                  | 4
                  | 1
                  | 2 || 11 Blink
                  | |
                  | |
                  | | 1
                  | | 2
                  | 7 || 10 Swiftness
                  | |
                  | |
                  | | 1
                  | 42
                  | 46
                  | 86 || 175 Freezing Cloud
                  | |
                  | |
                  | | 1
                  | 5
                  | | 3 || 9 Dispel Undead
                  | |
                  | |
                  | |
                  | 365
                  | 65
                  | 45 || 475 Flight
                  | |
                  | |
                  | |
                  | |
                  | 42 || 42 Apportation
                  | |
                  | |
                  | |
                  | |
                  | 5 || 5 Phase Shift
                  | |
                  | |
                  | |
                  | |
                  | 27 || 27 Controlled Blink
                  | |
                  | |
                  | |
                  | |
                  | 6 || 6 Insulation
                  | |
                  | |
                  | |
                  | |
                  | 5 || 5
